 Dungeon Crawl Stone Soup version 0.20.1-1-g8b1a95d (webtiles) character file.

711 Mitsuki the Covered (level 7, 0/61 HPs)
             Began as a Minotaur Fighter on Oct 14, 2017.
             Was a Follower of Okawaru.
             Killed from afar by an orc priest (11 damage)
             ... with a wand of acid (?/15)
             ... on level 5 of the Dungeon.
             The game lasted 00:07:55 (4713 turns).

Mitsuki the Covered (Minotaur Fighter)              Turns: 4713, Time: 00:07:55

Health: 0/61       AC: 10    Str: 23    XL:     7   Next: 40%
Magic:  7/7        EV:  4    Int:  5    God:    Okawaru [*.....]
Gold:   211        SH: 15    Dex:  9    Spells: 6/6 levels left

rFire    . . .     SeeInvis +   a - +0 trident
rCold    . . .     Gourm    .   b - +0 large shield
rNeg     . . .     Faith    .   r - +0 chain mail
rPois    +         Spirit   .   (helmet restricted)
rElec    .         Reflect  .   (no cloak)
rCorr    .         Harm     .   (no gloves)
MR       .....                  (no boots)
Stlth    ..........             (no amulet)
Regen    0.2/turn               e - ring of see invisible
MPRegen  0.1/turn               A - ring of poison resistance

@: no status effects
A: retaliatory headbutt, horns 2
a: Heroism, Renounce Religion


You were on level 5 of the Dungeon.
You worshipped Okawaru.
Okawaru was aware of your devotion.
You were not hungry.

You visited 2 branches of the dungeon, and saw 6 of its levels.

You collected 211 gold pieces.

Inventory:

Hand Weapons
 a - a +0 trident (weapon)
Armour
 b - a +0 large shield (worn)
 r - a +0 chain mail (worn)
Jewellery
 c - an uncursed ring of flight
 e - a ring of see invisible (left hand)
 l - an uncursed ring of wizardry
 A - a ring of poison resistance (right hand)
Scrolls
 i - 2 scrolls of fog {unknown}
 j - 3 scrolls of remove curse {unknown}
 k - 2 scrolls of enchant armour {unknown}
 n - 2 scrolls of teleportation {unknown}
 s - a scroll of amnesia {unknown}
 u - 3 scrolls of random uselessness {unknown}
 y - a scroll of identify {unknown}
 z - a scroll of fear {unknown}
 B - 2 scrolls of magic mapping {unknown}
 C - a scroll of immolation {unknown}
Potions
 d - a potion of might
 h - a potion of brilliance {unknown}
 o - a potion of resistance {unknown}
 p - a potion of mutation {unknown}
 t - a potion of agility {unknown}
 v - 2 potions of heal wounds {unknown}
 x - 2 potions of invisibility {unknown}
 D - a potion of haste {unknown}
Comestibles
 f - 5 bread rations
 m - 6 fruits
 q - 3 meat rations
 w - a royal jelly


   Skills:
 + Level 5.4 Fighting
 + Level 5.2 Polearms
 + Level 6.1 Armour
 + Level 5.8 Shields
 + Level 2.2 Evocations


You had 6 spell levels left.
You didn't know any spells.

Dungeon Overview and Level Annotations

Branches:
Dungeon (5/15)             Temple (1/1) D:4

Altars:
Ashenzari
Cheibriados
Dithmenos
Elyvilon
Fedhas
Gozag
Hepliaklqana
Kikubaaqudgha
Makhleb
Nemelex Xobeh
Okawaru
Qazlal
Ru
Sif Muna
Trog
Uskayaw
Vehumet
Xom
Yredelemnul
Zin
The Shining One


Innate Abilities, Weirdness & Mutations

You reflexively headbutt those who attack you in melee.
You have a pair of horns on your head.


Message History

You are too injured to fight recklessly!
Okay, then.
You are too injured to fight recklessly!
You hit the orc priest but do no damage.
The orc priest zaps a wand.
The bolt of acid misses you.
A hound comes into view.
The hound barks!
You puncture the orc priest! Your headbutt misses the orc priest.
The orc priest is heavily wounded.
You block the orc priest's attack.
Your shield prevents you from hitting the orc priest.
Your headbutt misses the orc priest.
The orc priest is heavily wounded.
You block the orc priest's attack.
You hit the orc priest.
The orc priest is heavily wounded.
You block the hound's attack. The hound bites you.
* * * LOW HITPOINT WARNING * * *
The orc priest zaps a wand.
The bolt of acid hits you!
You die...

#...##..........# ...#.
##...##...##.....# ...'.
#....##...##(....(
...#'###....#...#......#
.......#....#.[.#......#
.......######...#......#
............#...#......#
......h.....#...#......#
......o@....#...#......#
...#'##.....#...#......#
#..#.....#...#......#
#..#.....#...#......#
#..#.....#...####'###
#..#<....#...##.....#
#..#.....#...##.....#
#..#.....#...##.....#
#######
#.>'.....#.)[)......#


You could see a hound and an orc priest.

Vanquished Creatures
  An orc warrior (D:5)
  A phantom (D:4)
  A centaur (D:5)
  A centaur skeleton (D:4)
  A hound (D:5)
  An orc priest (D:5)
  2 orc wizards (D:4)
  3 worker ants (D:4)
  A killer bee zombie (D:5)
  A hound zombie (D:5)
  A gnoll (D:3)
  6 adders
  An ooze (D:1)
  An adder zombie (D:5)
  2 worms (D:2)
  6 dart slugs
  3 leopard geckos
  4 orcs
  10 giant cockroaches
  2 gnoll zombies (D:5)
  13 goblins
  9 hobgoblins
  8 jackals
  2 quokkas
  A ball python (D:3)
  7 bats
  7 frilled lizards
  8 kobolds
  A quokka skeleton (D:5)
  8 rats
113 creatures vanquished.

Vanquished Creatures (others)
  The ghost of Reeggar the Skirmisher, an amateur DsAK of Lugonu (D:4)
1 creature vanquished.

Grand Total: 114 creatures vanquished

Notes
Turn   | Place    | Note
-------+----------+-------------------------------------------
     0 | D:1      | Mitsuki the Minotaur Fighter began the quest for the Orb.
     0 | D:1      | Reached XP level 1. HP: 19/19 MP: 0/0
     3 | D:1      | Noticed an electric eel
     3 | D:1      | Noticed an electric eel
   152 | D:1      | Reached XP level 2. HP: 9/27 MP: 1/1
   166 | D:1      | Reached skill level 4 in Armour
   571 | D:1      | Reached XP level 3. HP: 32/33 MP: 2/2
   613 | D:1      | Found a sparkling altar of Nemelex Xobeh.
  1134 | D:2      | Reached XP level 4. HP: 32/40 MP: 3/3
  1299 | D:2      | Found a faded altar of an unknown god.
  2271 | D:3      | Found a white marble altar of Elyvilon.
  2288 | D:3      | Reached XP level 5. HP: 46/46 MP: 4/4
  2299 | D:3      | Found a snail-covered altar of Cheibriados.
  2571 | D:3      | Found an iron altar of Okawaru.
  2685 | D:3      | Became a worshipper of Warmaster Okawaru
  2857 | D:4      | Reached skill level 5 in Armour
  3235 | D:4      | Killed Reeggar's ghost
  3309 | D:4      | Reached skill level 5 in Shields
  3309 | D:4      | Reached skill level 1 in Evocations
  3376 | D:4      | Noticed a phantom
  3420 | D:4      | Killed a phantom
  3420 | D:4      | Reached XP level 6. HP: 48/53 MP: 5/5
  3427 | D:4      | Reached * piety under Okawaru
  3560 | D:4      | Found a staircase to the Ecumenical Temple.
  3569 | Temple   | Entered the Ecumenical Temple
  3717 | D:4      | Found a bloodstained altar of Trog.
  4025 | D:5      | Entered Level 5 of the Dungeon
  4031 | D:5      | Reached skill level 5 in Fighting
  4115 | D:5      | Found a hide-covered altar of Uskayaw.
  4177 | D:5      | Found a basalt altar of Yredelemnul.
  4338 | D:5      | Noticed an orc warrior
  4348 | D:5      | Killed an orc warrior
  4348 | D:5      | Reached skill level 5 in Polearms
  4348 | D:5      | Reached XP level 7. HP: 44/61 MP: 7/7
  4351 | D:5      | Reached skill level 6 in Armour
  4713 | D:5      | Killed from afar by an orc priest

Skill      XL: |  1  2  3  4  5  6  7 |
---------------+----------------------+-----
Armour         | 4 5 6 |  6.1
Shields        | 4 5 |  5.8
Polearms       | 3 4 5 |  5.2
Fighting       | 4 5 |  5.4
Evocations     | 1 2 |  2.2

Action                   |  1- 3 |  4- 6 |  7- 9 || total
-------------------------+-------+-------+-------++-------
Melee: Trident           |   128 |   254 |    25 ||   407
       Headbutt          |    18 |    37 |     2 ||    57
  Eat: Chunk             |     1 |    11 |     1 ||    13
Armor: Scale mail        |    49 |     7 |       ||    56
       Chain mail        |       |    96 |     4 ||   100
Dodge: Dodged            |    23 |    27 |     3 ||    53
Block: Shield            |    53 |     7 |       ||    60
       Large shield      |       |   168 |    14 ||   182
